ANAHEIM Ducks vs COLUMBUS Blue Jackets (R1)

Created - 18 février 2024 at 08:14

Goals
1 2 3 T
ANAHEIM Ducks 2 0 2 4
COLUMBUS Blue Jackets 1 0 0 1
Shots
1 2 3 T
ANAHEIM Ducks 10 4 14 28
COLUMBUS Blue Jackets 7 11 11 29

1st period

1. ANAHEIM Ducks , Chandler Stephenson 2 (MacKenzie Weegar 3) at 2:16
2. ANAHEIM Ducks , Nathan MacKinnon 3 (Brayden Point 3, Brett Pesce 2) at 10:22 (PP)
3. COLUMBUS Blue Jackets , Anthony Cirelli 1 (Artturi Lehkonen 2) at 12:09 (PP)

Penalties :
Neal Pionk (CLB) for Tripping (Minor) at 2:21, Martin Fehervary (CLB) for Holding (Minor) at 2:47, Seth Jones (ANA) for Hooking (Minor) at 7:02, Blake Coleman (CLB) for Holding (Minor) at 9:06, MacKenzie Weegar (ANA) for Cross-checking (Minor) at 11:10, Seth Jones (ANA) for High sticking (Double Minor) at 12:18

2nd period

No Goal

Penalties :
Neal Pionk (CLB) for Slashing (Minor) at 2:19, Ondrej Palat (CLB) for Tripping (Minor) at 4:57, Nathan MacKinnon (ANA) for Cross-checking (Minor) at 12:02, Ryan Lindgren (ANA) for Tripping (Minor) at 13:26, Mark Giordano (ANA) for Slashing (Minor) at 18:25

3rd period

4. ANAHEIM Ducks , MacKenzie Weegar 2 (Elias Lindholm 1, Nathan MacKinnon 2) at 3:22 (PP)
5. ANAHEIM Ducks , Chandler Stephenson 3 (Elias Lindholm 2) at 4:26

Penalties :
Ryan Pulock (CLB) for Cross-checking (Minor) at 1:45, Lars Eller (CLB) for Holding Stick (Minor) at 6:52, Warren Foegele (ANA) for Hooking (Minor) at 9:02, Matt Benning (CLB) for Holding (Minor) at 12:07

Goalie Stats

Philipp Grubauer (ANA), 28 saves from 29 shots - (0,966), W, 3-3-0, 60:00 minutes
Mackenzie Blackwood (CLB), 8 saves from 8 shots - (1,000), 15:34 minutes
Thatcher Demko (CLB), 16 saves from 20 shots - (0,800), L, 2-4-0, 44:26 minutes

Players Stats for ANAHEIM Ducks

Player Name              G  A  P  +/- PIM S  H  SB GA TA FO     MP     PP MP  PK MP  
------------------------------------------------------------------------------------
Brayden Point            0  1  1   0  0   4  0  0  0  0  0/0    17:52   7:01   0:00 
Brett Pesce              0  1  1   2  0   2  2  3  0  0  0/0    25:05   5:55   7:26 
Chandler Stephenson      2  0  2   2  0   3  1  1  0  0  3/8    20:27   6:13   5:15 
David Kampf              0  0  0   0  0   2  0  0  0  0  5/6    16:37   0:00   8:28 
Derick Brassard          0  0  0   0  0   0  0  0  0  0  0/0     4:29   0:00   0:00 
Elias Lindholm           0  2  2   2  0   1  2  0  0  0  23/45  25:00   7:01   7:52 
Jeff Carter              0  0  0   0  0   0  2  0  0  0  5/15   18:15   6:13   1:11 
Joel Farabee             0  0  0   0  0   1  0  0  0  0  0/1     8:09   0:00   0:00 
Justin Holl              0  0  0   0  0   0  0  1  0  0  0/0    18:07   0:00   7:54 
MacKenzie Weegar         1  1  2   2  2   2  3  0  0  0  0/0    24:55   7:19   6:40 
Mark Giordano            0  0  0   0  2   3  0  0  0  0  0/0    16:25   5:55   0:00 
Nathan MacKinnon         1  1  2   2  2   4  3  0  0  0  2/4    17:07   7:01   0:00 
Nic Dowd                 0  0  0   0  0   0  2  0  0  0  5/6     8:36   0:00   5:15 
Nick Paul                0  0  0   0  0   2  6  0  0  0  0/1    17:04   6:13   0:00 
Patrick Maroon           0  0  0   0  0   1  0  0  0  0  0/0     3:21   0:00   0:00 
Ryan Lindgren            0  0  0   0  2   0  0  1  0  0  0/0    16:41   0:00   5:41 
Seth Jones               0  0  0   0  6   2  2  2  0  0  0/0    18:42   7:19   0:54 
Warren Foegele           0  0  0   0  2   1  2  0  0  0  0/0     8:08   0:00   0:00 

Players Stats for COLUMBUS Blue Jackets

Player Name              G  A  P  +/- PIM S  H  SB GA TA FO     MP     PP MP  PK MP  
------------------------------------------------------------------------------------
Andre Burakovsky         0  0  0  -1  0   1  1  0  0  0  0/0     8:50   0:48   0:08 
Anthony Cirelli          1  0  1   0  0   4  3  0  0  0  22/40  25:36   7:19   7:54 
Artturi Lehkonen         0  1  1   0  0   1  1  1  0  0  1/3    25:51   7:19   8:09 
Blake Coleman            0  0  0   0  2   7  3  0  0  0  0/0    21:08   7:19   3:27 
Calvin de Haan           0  0  0  -1  0   0  2  0  0  0  0/0    12:31   0:48   2:44 
Dmitry Orlov             0  0  0  -1  0   1  4  3  0  0  0/0    26:24   7:13   5:52 
Eric Staal               0  0  0  -1  0   1  2  0  0  0  5/10    9:20   0:48   0:38 
Evan Rodrigues           0  0  0  -1  0   3  0  0  0  0  6/16   18:03   6:11   3:40 
Jake Evans               0  0  0   0  0   1  0  0  0  0  1/2     6:47   0:48   0:00 
Kailer Yamamoto          0  0  0  -1  0   0  1  0  0  0  2/3    14:23   6:11   0:00 
Lars Eller               0  0  0  -1  2   2  4  0  0  0  6/12    8:24   0:00   0:13 
Martin Fehervary         0  0  0   0  2   1  1  0  0  0  0/0    22:06   6:17   5:39 
Matt Benning             0  0  0  -1  2   0  3  1  0  0  0/0    11:02   0:48   1:16 
Neal Pionk               0  0  0   0  4   2  3  1  0  0  0/0    21:23   6:17   4:58 
Ondrej Palat             0  0  0  -1  2   1  3  0  0  0  0/0    14:04   6:11   0:00 
Ryan Poehling            0  0  0   0  0   2  0  0  0  0  0/0     5:59   0:00   0:00 
Ryan Pulock              0  0  0  -1  2   2  3  0  0  0  0/0    26:29   7:13   5:58 
Zemgus Girgensons        0  0  0   0  0   0  1  0  0  0  0/0     6:45   0:00   0:46 

3 Stars

1 - Chandler Stephenson (ANA)
2 - Nathan MacKinnon (ANA)
3 - MacKenzie Weegar (ANA)

Power Play

ANAHEIM Ducks - 2 on 8 Attempt(s) - 25,00%
COLUMBUS Blue Jackets - 1 on 8 Attempt(s) - 12,50%

Penalty Kill

ANAHEIM Ducks - 7 on 8 Attempt(s) - 87,50% - Score 0 goal in Penalty Kill
COLUMBUS Blue Jackets - 6 on 8 Attempt(s) - 75,00% - Score 0 goal in Penalty Kill

Team Stat

ANAHEIM Ducks - Hits : 25 - Faceoff Wins : 43 - Blocked Shots : 8 - Penalty Minutes : 16
COLUMBUS Blue Jackets - Hits : 35 - Faceoff Wins : 43 - Blocked Shots : 6 - Penalty Minutes : 16

Official

Referees : Dan O'Rourke and Laura White
Linesman : Erica Holmes and Travis Toomey

Game Notes

Mackenzie Blackwood enters game at 4:26 of 3rd period

Finance

Level 1 -- Attendance: 4630 (76,53%) -- Ticket Income $458,370
Level 2 -- Attendance: 4617 (91,43%) -- Ticket Income $272,403
Level 3 -- Attendance: 1874 (90,31%) -- Ticket Income $69,338
Level 4 -- Attendance: 4041 (98,49%) -- Ticket Income $60,615
Luxury Box -- Attendance: 736 (73,09%) -- Ticket Income $153,088
Game was played at the Nationwide Arena.
Total Attendance: 15898 (86,95%)
Total Ticket Income: $1,013,814
Other Income: $253,454
Total Income: $1,267,268

ANAHEIM Ducks

5 vs 5 Forward 
   Center                   Left Wing                Right Wing               Time % Phy DF OF 
 1 Elias Lindholm           Chandler Stephenson      Nathan MacKinnon         35     0   2  3  
 2 Jeff Carter              Nick Paul                Brayden Point            35     0   2  3  
 3 David Kampf              Joel Farabee             Warren Foegele           20     1   2  2  
 4 Nic Dowd                 Derick Brassard          Patrick Maroon           10     1   3  1  

5 vs 5 Defense 
   Defense                  Defense                                           Time % Phy DF OF 
 1 Brett Pesce              MacKenzie Weegar                                  40     1   2  2  
 2 Mark Giordano            Seth Jones                                        35     1   2  2  
 3 Justin Holl              Ryan Lindgren                                     20     2   2  1  
 4 Brett Pesce              MacKenzie Weegar                                  5      2   2  1  

PowerPlay Forward 
   Center                   Left Wing                Right Wing               Time % Phy DF OF 
 1 Elias Lindholm           Brayden Point            Nathan MacKinnon         60     0   1  4  
 2 Chandler Stephenson      Nick Paul                Jeff Carter              40     0   1  4  

PowerPlay Defense
   Defense                  Defense                                           Time % Phy DF OF 
 1 Seth Jones               MacKenzie Weegar                                  60     0   1  4  
 2 Mark Giordano            Brett Pesce                                       40     0   1  4  

Penalty Kill 4 Players Forward 
   Center                   Wing                     Time % Phy DF OF 
 1 Elias Lindholm           David Kampf              60     1   3  1  
 2 Chandler Stephenson      Nic Dowd                 40     1   3  1  

Penalty Kill 4 Players Defense
   Defense                  Defense                  Time % Phy DF OF 
 1 Brett Pesce              Ryan Lindgren            60     1   3  1  
 2 MacKenzie Weegar         Justin Holl              40     1   3  1  

Penalty Kill - 3 Players Forward 
   Forward                                           Time % Phy DF OF 
 1 Elias Lindholm                                    60     1   4  0  
 2 Chandler Stephenson                               40     1   4  0  

Penalty Kill - 3 Players Defense
   Defense                  Defense                  Time % Phy DF OF 
 1 Brett Pesce              Ryan Lindgren            60     1   4  0  
 2 MacKenzie Weegar         Justin Holl              40     1   4  0  

4 vs 4 Forward 
   Center                   Wing                     Time % Phy DF OF 
 1 Elias Lindholm           Nathan MacKinnon         60     1   2  2  
 2 Chandler Stephenson      Brayden Point            40     1   2  2  

4 vs 4 Defense
   Defense                  Defense                  Time % Phy DF OF 
 1 MacKenzie Weegar         Brett Pesce              60     1   2  2  
 2 Mark Giordano            Seth Jones               40     1   2  2  

Last Minutes Offensive
   Center                   Left Wing                Right Wing               Defense                  Defense                  
   Elias Lindholm           Brayden Point            Nathan MacKinnon         Seth Jones               MacKenzie Weegar         

Last Minutes Defensive
   Center                   Left Wing                Right Wing               Defense                  Defense                  
   Elias Lindholm           Chandler Stephenson      David Kampf              Ryan Lindgren            Brett Pesce              

Goaltenders
Starting : Philipp Grubauer         
Backup : Brian Elliott            

Extra Forwards
Normal : Jeff Carter, Nick Paul, Joel Farabee - PP : Jeff Carter, Nick Paul - PK : Jeff Carter
Extra Defensemen
Normal : Brett Pesce, Justin Holl, Ryan Lindgren - PP : Brett Pesce - PK : Brett Pesce, Justin Holl
Penalty Shots
Nathan MacKinnon, Brayden Point, Elias Lindholm, Chandler Stephenson, Nick Paul

Scratches
None

COLUMBUS Blue Jackets

5 vs 5 Forward 
   Center                   Left Wing                Right Wing               Time % Phy DF OF 
 1 Anthony Cirelli          Artturi Lehkonen         Blake Coleman            40     0   2  3  
 2 Lars Eller               Evan Rodrigues           Kailer Yamamoto          30     0   2  3  
 3 Eric Staal               Andre Burakovsky         Ondrej Palat             20     1   3  1  
 4 Jake Evans               Ryan Poehling            Zemgus Girgensons        10     0   4  1  

5 vs 5 Defense 
   Defense                  Defense                                           Time % Phy DF OF 
 1 Dmitry Orlov             Ryan Pulock                                       40     1   3  1  
 2 Neal Pionk               Martin Fehervary                                  30     0   3  2  
 3 Matt Benning             Calvin de Haan                                    20     0   4  1  
 4 Dmitry Orlov             Ryan Pulock                                       10     0   3  2  

PowerPlay Forward 
   Center                   Left Wing                Right Wing               Time % Phy DF OF 
 1 Anthony Cirelli          Artturi Lehkonen         Blake Coleman            60     0   1  4  
 2 Evan Rodrigues           Ondrej Palat             Kailer Yamamoto          40     0   1  4  

PowerPlay Defense
   Defense                  Defense                                           Time % Phy DF OF 
 1 Dmitry Orlov             Ryan Pulock                                       60     0   2  3  
 2 Neal Pionk               Martin Fehervary                                  40     0   2  3  

Penalty Kill 4 Players Forward 
   Center                   Wing                     Time % Phy DF OF 
 1 Anthony Cirelli          Artturi Lehkonen         60     0   4  1  
 2 Evan Rodrigues           Blake Coleman            40     0   4  1  

Penalty Kill 4 Players Defense
   Defense                  Defense                  Time % Phy DF OF 
 1 Dmitry Orlov             Ryan Pulock              60     0   5  0  
 2 Neal Pionk               Martin Fehervary         40     0   5  0  

Penalty Kill - 3 Players Forward 
   Forward                                           Time % Phy DF OF 
 1 Artturi Lehkonen                                  60     0   5  0  
 2 Anthony Cirelli                                   40     0   5  0  

Penalty Kill - 3 Players Defense
   Defense                  Defense                  Time % Phy DF OF 
 1 Dmitry Orlov             Ryan Pulock              60     0   5  0  
 2 Neal Pionk               Martin Fehervary         40     0   5  0  

4 vs 4 Forward 
   Center                   Wing                     Time % Phy DF OF 
 1 Evan Rodrigues           Blake Coleman            60     0   3  2  
 2 Lars Eller               Ondrej Palat             40     0   3  2  

4 vs 4 Defense
   Defense                  Defense                  Time % Phy DF OF 
 1 Dmitry Orlov             Ryan Pulock              60     0   3  2  
 2 Neal Pionk               Martin Fehervary         40     0   3  2  

Last Minutes Offensive
   Center                   Left Wing                Right Wing               Defense                  Defense                  
   Anthony Cirelli          Artturi Lehkonen         Blake Coleman            Dmitry Orlov             Ryan Pulock              

Last Minutes Defensive
   Center                   Left Wing                Right Wing               Defense                  Defense                  
   Anthony Cirelli          Artturi Lehkonen         Blake Coleman            Dmitry Orlov             Ryan Pulock              

Goaltenders
Starting : Thatcher Demko           
Backup : Mackenzie Blackwood      

Extra Forwards
Normal : Eric Staal, Jake Evans, Lars Eller - PP : Eric Staal, Jake Evans - PK : Lars Eller
Extra Defensemen
Normal : Matt Benning, Calvin de Haan, Neal Pionk - PP : Matt Benning - PK : Calvin de Haan, Neal Pionk
Penalty Shots
Artturi Lehkonen, Anthony Cirelli, Evan Rodrigues, Blake Coleman, Kailer Yamamoto

Scratches
Max Pacioretty (Healthy)

% Time on Ice - ANAHEIM Ducks

Lines # - Real PCT - Wanted PCT - Time Play
Normal Forward
1 - 31% - 35% - 10:07
2 - 33% - 35% - 10:51
3 - 25% - 20% - 8:09
4 - 10% - 10% - 3:21
Normal Defense
1 - 36% - 40% - 11:44
2 - 32% - 35% - 10:31
3 - 31% - 20% - 10:13
4 - 0% - 5% - 0:00
PP Forward
1 - 53% - 60% - 7:01
2 - 47% - 40% - 6:13
PP Defense
1 - 55% - 60% - 7:19
2 - 45% - 40% - 5:55
PK Forward
1 - 62% - 60% - 8:28
2 - 38% - 40% - 5:15
PK Defense
1 - 48% - 60% - 6:38
2 - 52% - 40% - 7:05
PK3 Forward
1 - 100% - 60% - 0:35
2 - 0% - 40% - 0:00
PK3 Defense
1 - 49% - 60% - 0:17
2 - 51% - 40% - 0:18
44 Forward
1 - 0% - 60%
2 - 0% - 40%
44 Defense
1 - 0% - 60%
2 - 0% - 40%
Last Minute Offensive  - 0:00
Last Minute Defensive  - 0:00
Total
Forward - 60:00
Defense - 60:00

% Time on Ice - COLUMBUS Blue Jackets

Lines # - Real PCT - Wanted PCT - Time Play
Normal Forward
1 - 32% - 40% - 10:23
2 - 25% - 30% - 8:12
3 - 24% - 20% - 7:54
4 - 18% - 10% - 5:59
Normal Defense
1 - 41% - 40% - 13:19
2 - 31% - 30% - 10:10
3 - 28% - 20% - 8:59
4 - 0% - 10% - 0:00
PP Forward
1 - 57% - 60% - 8:07
2 - 43% - 40% - 6:11
PP Defense
1 - 56% - 60% - 8:01
2 - 44% - 40% - 6:17
PK Forward
1 - 69% - 60% - 8:01
2 - 31% - 40% - 3:40
PK Defense
1 - 48% - 60% - 5:35
2 - 52% - 40% - 6:06
PK3 Forward
1 - 58% - 60% - 0:54
2 - 42% - 40% - 0:39
PK3 Defense
1 - 0% - 60% - 0:00
2 - 100% - 40% - 1:33
44 Forward
1 - 0% - 60%
2 - 0% - 40%
44 Defense
1 - 0% - 60%
2 - 0% - 40%
Last Minute Offensive  - 0:00
Last Minute Defensive  - 0:00
Total
Forward - 60:00
Defense - 60:00

Play-by-Play

1st period


0:01 of 1st period - Anthony Cirelli wins face-off versus Elias Lindholm in neutral zone.
0:25 of 1st period - Icing by Dmitry Orlov.
0:26 of 1st period - Anthony Cirelli wins face-off versus Jeff Carter in COLUMBUS Blue Jackets zone.
0:26 of 1st period - Anthony Cirelli is hit by Jeff Carter.
0:29 of 1st period - Blake Coleman is hit by Nick Paul and loses puck.
0:39 of 1st period - Icing by Jeff Carter.
0:40 of 1st period - Lars Eller wins face-off versus Jeff Carter in ANAHEIM Ducks zone.
0:42 of 1st period - Evan Rodrigues is hit by Seth Jones.
0:47 of 1st period - Icing by Jeff Carter.
0:48 of 1st period - Eric Staal wins face-off versus Jeff Carter in ANAHEIM Ducks zone.
1:16 of 1st period - Icing by Calvin de Haan.
1:17 of 1st period - David Kampf wins face-off versus Eric Staal in COLUMBUS Blue Jackets zone.
1:17 of 1st period - Warren Foegele is hit by Calvin de Haan and loses puck.
1:27 of 1st period - David Kampf is hit by Calvin de Haan and loses puck.
2:16 of 1st period - Shot by Chandler Stephenson.
2:16 of 1st period - Goal by Chandler Stephenson - ANAHEIM Ducks : 1 - COLUMBUS Blue Jackets : 0.
2:17 of 1st period - Nic Dowd wins face-off versus Lars Eller in neutral zone.
2:21 of 1st period - Minor Penalty to Neal Pionk for Tripping.
2:22 of 1st period - Elias Lindholm wins face-off versus Artturi Lehkonen in COLUMBUS Blue Jackets zone.
2:41 of 1st period - MacKenzie Weegar is hit by Artturi Lehkonen and loses puck.
2:47 of 1st period - Minor Penalty to Martin Fehervary for Holding.
2:48 of 1st period - Chandler Stephenson wins face-off versus Artturi Lehkonen in COLUMBUS Blue Jackets zone.
2:49 of 1st period - Shot by Mark Giordano.
2:49 of 1st period - Shot Blocked by Matt Benning.
2:51 of 1st period - Shot by Nick Paul.
2:51 of 1st period - Deflect By Chandler Stephenson.
2:51 of 1st period - Shot Misses the Net.
3:09 of 1st period - Shot by Nick Paul.
3:09 of 1st period - Shot Misses the Net.
3:11 of 1st period - Shot by Brett Pesce.
3:11 of 1st period - Stopped by Thatcher Demko with a rebound.
3:13 of 1st period - Shot by Jeff Carter.
3:13 of 1st period - Shot Misses the Net.
3:15 of 1st period - Shot by Nick Paul.
3:15 of 1st period - Shot Misses the Net.
3:22 of 1st period - Chandler Stephenson is hit by Matt Benning and loses puck.
4:07 of 1st period - Shot by Seth Jones.
4:07 of 1st period - Stopped by Thatcher Demko without a rebound.
4:08 of 1st period - Elias Lindholm wins face-off versus Anthony Cirelli in COLUMBUS Blue Jackets zone.
4:15 of 1st period - Shot by Brayden Point.
4:15 of 1st period - Shot Blocked by Dmitry Orlov.
4:17 of 1st period - Shot by Nathan MacKinnon.
4:17 of 1st period - Stopped by Thatcher Demko with a rebound.
4:21 of 1st period - Shot by Brayden Point.
4:21 of 1st period - Shot Misses the Net.
4:25 of 1st period - Shot by Seth Jones.
4:25 of 1st period - Stopped by Thatcher Demko with a rebound.
4:27 of 1st period - Shot by MacKenzie Weegar.
4:27 of 1st period - Shot Misses the Net.
4:29 of 1st period - Shot by Nathan MacKinnon.
4:29 of 1st period - Stopped by Thatcher Demko without a rebound.
4:30 of 1st period - Chandler Stephenson wins face-off versus Anthony Cirelli in COLUMBUS Blue Jackets zone.
4:48 of 1st period - Nick Paul is hit by Martin Fehervary and loses puck.
5:35 of 1st period - Icing by Ryan Lindgren.
5:36 of 1st period - Nic Dowd wins face-off versus Jake Evans in ANAHEIM Ducks zone.
6:10 of 1st period - Elias Lindholm is hit by Zemgus Girgensons and loses puck.
6:45 of 1st period - Off-side.
6:46 of 1st period - Jeff Carter wins face-off versus Evan Rodrigues in neutral zone.
6:46 of 1st period - Brayden Point is hit by Lars Eller.
6:59 of 1st period - Kailer Yamamoto is hit by Seth Jones.
7:02 of 1st period - Minor Penalty to Seth Jones for Hooking.
7:03 of 1st period - Anthony Cirelli wins face-off versus Elias Lindholm in ANAHEIM Ducks zone.
7:07 of 1st period - Shot by Ryan Pulock.
7:07 of 1st period - Stopped by Philipp Grubauer without a rebound.
7:08 of 1st period - Elias Lindholm wins face-off versus Anthony Cirelli in ANAHEIM Ducks zone.
7:08 of 1st period - Elias Lindholm is hit by Anthony Cirelli.
7:36 of 1st period - Shot by Anthony Cirelli.
7:36 of 1st period - Shot Misses the Net.
7:38 of 1st period - Shot by Blake Coleman.
7:38 of 1st period - Stopped by Philipp Grubauer without a rebound.
7:39 of 1st period - Elias Lindholm wins face-off versus Kailer Yamamoto in ANAHEIM Ducks zone.
8:45 of 1st period - Icing by Dmitry Orlov.
8:46 of 1st period - Elias Lindholm wins face-off versus Evan Rodrigues in COLUMBUS Blue Jackets zone.
9:06 of 1st period - Minor Penalty to Blake Coleman for Holding.
9:07 of 1st period - Anthony Cirelli wins face-off versus Jeff Carter in COLUMBUS Blue Jackets zone.
9:07 of 1st period - Artturi Lehkonen is hit by Chandler Stephenson and loses puck.
9:41 of 1st period - Shot by Chandler Stephenson.
9:41 of 1st period - Deflect By Nick Paul.
9:41 of 1st period - Shot Misses the Net.
10:00 of 1st period - Icing by Brett Pesce.
10:01 of 1st period - Elias Lindholm wins face-off versus Evan Rodrigues in ANAHEIM Ducks zone.
10:10 of 1st period - Shot by Brayden Point.
10:10 of 1st period - Stopped by Thatcher Demko without a rebound.
10:11 of 1st period - Anthony Cirelli wins face-off versus Elias Lindholm in COLUMBUS Blue Jackets zone.
10:22 of 1st period - Shot by Brayden Point.
10:22 of 1st period - Deflect By Nathan MacKinnon.
10:22 of 1st period - Goal by Nathan MacKinnon - ANAHEIM Ducks : 2 - COLUMBUS Blue Jackets : 0.
10:23 of 1st period - David Kampf wins face-off versus Eric Staal in neutral zone.
10:46 of 1st period - Shot by Joel Farabee.
10:46 of 1st period - Stopped by Thatcher Demko without a rebound.
10:47 of 1st period - Evan Rodrigues wins face-off versus Jeff Carter in COLUMBUS Blue Jackets zone.
10:47 of 1st period - Evan Rodrigues is hit by Nick Paul.
11:10 of 1st period - Minor Penalty to MacKenzie Weegar for Cross-checking.
11:11 of 1st period - Elias Lindholm wins face-off versus Anthony Cirelli in ANAHEIM Ducks zone.
11:38 of 1st period - Shot by Elias Lindholm.
11:38 of 1st period - Deflect By David Kampf.
11:38 of 1st period - Stopped by Thatcher Demko without a rebound.
11:39 of 1st period - Kailer Yamamoto wins face-off versus Elias Lindholm in COLUMBUS Blue Jackets zone.
11:44 of 1st period - Shot by Neal Pionk.
11:44 of 1st period - Stopped by Philipp Grubauer without a rebound.
11:45 of 1st period - Elias Lindholm wins face-off versus Evan Rodrigues in ANAHEIM Ducks zone.
11:45 of 1st period - Brett Pesce is hit by Ondrej Palat and loses puck.
11:56 of 1st period - Shot by Neal Pionk.
11:56 of 1st period - Shot Hit the Post.
11:58 of 1st period - Shot by Neal Pionk.
11:58 of 1st period - Stopped by Philipp Grubauer without a rebound.
11:59 of 1st period - Nic Dowd wins face-off versus Anthony Cirelli in ANAHEIM Ducks zone.
11:59 of 1st period - Nic Dowd is hit by Anthony Cirelli.
12:09 of 1st period - Shot by Anthony Cirelli.
12:09 of 1st period - Goal by Anthony Cirelli - ANAHEIM Ducks : 2 - COLUMBUS Blue Jackets : 1.
12:10 of 1st period - Anthony Cirelli wins face-off versus Jeff Carter in neutral zone.
12:18 of 1st period - Double Minor Penalty to Seth Jones for High sticking.
12:19 of 1st period - Anthony Cirelli wins face-off versus Elias Lindholm in ANAHEIM Ducks zone.
12:19 of 1st period - Ryan Pulock is hit by Brett Pesce and loses puck.
12:28 of 1st period - Shot by Ryan Pulock.
12:28 of 1st period - Shot Misses the Net.
12:30 of 1st period - Shot by Anthony Cirelli.
12:30 of 1st period - Stopped by Philipp Grubauer with a rebound.
12:32 of 1st period - Shot by Ryan Pulock.
12:32 of 1st period - Shot Blocked by Brett Pesce.
12:34 of 1st period - Shot by Artturi Lehkonen.
12:34 of 1st period - Shot Misses the Net.
13:11 of 1st period - Icing by Blake Coleman.
13:12 of 1st period - Elias Lindholm wins face-off versus Anthony Cirelli in COLUMBUS Blue Jackets zone.
13:55 of 1st period - Shot by Evan Rodrigues.
13:55 of 1st period - Shot Blocked by Chandler Stephenson.
13:57 of 1st period - Shot by Neal Pionk.
13:57 of 1st period - Shot Blocked by Justin Holl.
13:59 of 1st period - Shot by Neal Pionk.
13:59 of 1st period - Shot Misses the Net.
15:27 of 1st period - Shot by Andre Burakovsky.
15:27 of 1st period - Shot Misses the Net.
16:43 of 1st period - Brayden Point is hit by Dmitry Orlov and loses puck.
17:21 of 1st period - Joel Farabee is hit by Dmitry Orlov and loses puck.
18:15 of 1st period - Shot by Blake Coleman.
18:15 of 1st period - Shot Blocked by Seth Jones.
18:17 of 1st period - Shot by Anthony Cirelli.
18:17 of 1st period - Deflect By Artturi Lehkonen.
18:17 of 1st period - Shot Blocked by Seth Jones.
19:18 of 1st period - Shot by Brayden Point.
19:18 of 1st period - Shot Blocked by Neal Pionk.
19:50 of 1st period - Shot by Evan Rodrigues.
19:50 of 1st period - Stopped by Philipp Grubauer without a rebound.
19:51 of 1st period - David Kampf wins face-off versus Eric Staal in ANAHEIM Ducks zone.
19:51 of 1st period - David Kampf is hit by Ondrej Palat.
Goals for this period are 2 for ANAHEIM Ducks vs 1 for COLUMBUS Blue Jackets.
Shots for this period are 10 for ANAHEIM Ducks vs 7 for COLUMBUS Blue Jackets.

2nd period


0:01 of 2nd period - Elias Lindholm wins face-off versus Anthony Cirelli in neutral zone.
0:30 of 2nd period - Shot by Anthony Cirelli.
0:30 of 2nd period - Shot Blocked by Brett Pesce.
0:32 of 2nd period - Shot by Blake Coleman.
0:32 of 2nd period - Stopped by Philipp Grubauer without a rebound.
0:33 of 2nd period - Lars Eller wins face-off versus Nick Paul in ANAHEIM Ducks zone.
1:12 of 2nd period - Shot by Brayden Point.
1:12 of 2nd period - Shot Misses the Net.
1:14 of 2nd period - Shot by Nick Paul.
1:14 of 2nd period - Stopped by Thatcher Demko without a rebound.
1:15 of 2nd period - Anthony Cirelli wins face-off versus Elias Lindholm in COLUMBUS Blue Jackets zone.
1:17 of 2nd period - Ryan Pulock is hit by Nathan MacKinnon and loses puck.
1:30 of 2nd period - Shot by Elias Lindholm.
1:30 of 2nd period - Shot Misses the Net.
1:43 of 2nd period - Icing by Ryan Pulock.
1:44 of 2nd period - Anthony Cirelli wins face-off versus Joel Farabee in COLUMBUS Blue Jackets zone.
1:44 of 2nd period - Anthony Cirelli is hit by Warren Foegele.
2:10 of 2nd period - Off-side.
2:11 of 2nd period - Elias Lindholm wins face-off versus Lars Eller in neutral zone.
2:19 of 2nd period - Minor Penalty to Neal Pionk for Slashing.
2:20 of 2nd period - Nathan MacKinnon wins face-off versus Anthony Cirelli in COLUMBUS Blue Jackets zone.
2:21 of 2nd period - Shot by Brayden Point.
2:21 of 2nd period - Shot Blocked by Artturi Lehkonen.
2:32 of 2nd period - Icing by MacKenzie Weegar.
2:33 of 2nd period - Anthony Cirelli wins face-off versus Nathan MacKinnon in ANAHEIM Ducks zone.
2:59 of 2nd period - Brayden Point is hit by Dmitry Orlov.
3:06 of 2nd period - Brayden Point is hit by Ryan Pulock and loses puck.
3:35 of 2nd period - Shot by Nick Paul.
3:35 of 2nd period - Shot Misses the Net.
3:41 of 2nd period - Shot by Brett Pesce.
3:41 of 2nd period - Stopped by Thatcher Demko without a rebound.
3:42 of 2nd period - Chandler Stephenson wins face-off versus Evan Rodrigues in COLUMBUS Blue Jackets zone.
4:10 of 2nd period - Icing by Mark Giordano.
4:11 of 2nd period - Anthony Cirelli wins face-off versus Chandler Stephenson in ANAHEIM Ducks zone.
4:49 of 2nd period - Ryan Lindgren is hit by Andre Burakovsky and loses puck.
4:57 of 2nd period - Minor Penalty to Ondrej Palat for Tripping.
4:58 of 2nd period - Elias Lindholm wins face-off versus Anthony Cirelli in COLUMBUS Blue Jackets zone.
5:38 of 2nd period - Nathan MacKinnon is hit by Blake Coleman and loses puck.
6:06 of 2nd period - Shot by Brett Pesce.
6:06 of 2nd period - Shot Blocked by Dmitry Orlov.
6:18 of 2nd period - Shot by Mark Giordano.
6:18 of 2nd period - Stopped by Thatcher Demko without a rebound.
6:19 of 2nd period - Evan Rodrigues wins face-off versus Chandler Stephenson in COLUMBUS Blue Jackets zone.
6:38 of 2nd period - Shot by Brett Pesce.
6:38 of 2nd period - Shot Misses the Net.
7:33 of 2nd period - Shot by Ryan Poehling.
7:33 of 2nd period - Stopped by Philipp Grubauer without a rebound.
7:34 of 2nd period - Nic Dowd wins face-off versus Lars Eller in ANAHEIM Ducks zone.
7:39 of 2nd period - Brett Pesce is hit by Neal Pionk.
8:10 of 2nd period - Nic Dowd is hit by Neal Pionk and loses puck.
8:49 of 2nd period - Shot by Chandler Stephenson.
8:49 of 2nd period - Shot Misses the Net.
9:03 of 2nd period - Shot by Chandler Stephenson.
9:03 of 2nd period - Shot Misses the Net.
9:52 of 2nd period - Anthony Cirelli is hit by Nick Paul and loses puck.
9:56 of 2nd period - Icing by Matt Benning.
9:57 of 2nd period - David Kampf wins face-off versus Anthony Cirelli in COLUMBUS Blue Jackets zone.
10:33 of 2nd period - Icing by Blake Coleman.
10:34 of 2nd period - Anthony Cirelli wins face-off versus Jeff Carter in COLUMBUS Blue Jackets zone.
10:34 of 2nd period - Anthony Cirelli is hit by Nick Paul.
11:30 of 2nd period - Shot by Lars Eller.
11:30 of 2nd period - Stopped by Philipp Grubauer without a rebound.
11:31 of 2nd period - Eric Staal wins face-off versus Elias Lindholm in ANAHEIM Ducks zone.
11:39 of 2nd period - Brett Pesce is hit by Eric Staal and loses puck.
12:02 of 2nd period - Minor Penalty to Nathan MacKinnon for Cross-checking.
12:03 of 2nd period - Elias Lindholm wins face-off versus Anthony Cirelli in ANAHEIM Ducks zone.
12:36 of 2nd period - Shot by Martin Fehervary.
12:36 of 2nd period - Shot Misses the Net.
12:38 of 2nd period - Shot by Martin Fehervary.
12:38 of 2nd period - Shot Misses the Net.
12:40 of 2nd period - Shot by Neal Pionk.
12:40 of 2nd period - Shot Blocked by Brett Pesce.
13:02 of 2nd period - Shot by Evan Rodrigues.
13:02 of 2nd period - Stopped by Philipp Grubauer without a rebound.
13:03 of 2nd period - Evan Rodrigues wins face-off versus Elias Lindholm in ANAHEIM Ducks zone.
13:04 of 2nd period - Shot by Kailer Yamamoto.
13:04 of 2nd period - Shot Misses the Net.
13:06 of 2nd period - Shot by Evan Rodrigues.
13:06 of 2nd period - Stopped by Philipp Grubauer without a rebound.
13:07 of 2nd period - Evan Rodrigues wins face-off versus Elias Lindholm in ANAHEIM Ducks zone.
13:17 of 2nd period - Shot by Ryan Pulock.
13:17 of 2nd period - Shot Misses the Net.
13:26 of 2nd period - Minor Penalty to Ryan Lindgren for Tripping.
13:27 of 2nd period - Anthony Cirelli wins face-off versus Elias Lindholm in ANAHEIM Ducks zone.
14:00 of 2nd period - Shot by Blake Coleman.
14:00 of 2nd period - Stopped by Philipp Grubauer with a rebound.
14:06 of 2nd period - Shot by Martin Fehervary.
14:06 of 2nd period - Stopped by Philipp Grubauer with a rebound.
14:08 of 2nd period - Shot by Blake Coleman.
14:08 of 2nd period - Stopped by Philipp Grubauer with a rebound.
14:10 of 2nd period - Shot by Martin Fehervary.
14:10 of 2nd period - Shot Misses the Net.
14:24 of 2nd period - Shot by Dmitry Orlov.
14:24 of 2nd period - Shot Misses the Net.
14:26 of 2nd period - Shot by Ondrej Palat.
14:26 of 2nd period - Stopped by Philipp Grubauer without a rebound.
14:27 of 2nd period - Elias Lindholm wins face-off versus Evan Rodrigues in ANAHEIM Ducks zone.
14:27 of 2nd period - Elias Lindholm is hit by Ondrej Palat.
14:44 of 2nd period - Icing by Ryan Pulock.
14:45 of 2nd period - Evan Rodrigues wins face-off versus Elias Lindholm in COLUMBUS Blue Jackets zone.
14:45 of 2nd period - Ryan Pulock is hit by Elias Lindholm and loses puck.
14:51 of 2nd period - Off-side.
14:52 of 2nd period - Anthony Cirelli wins face-off versus Elias Lindholm in neutral zone.
15:34 of 2nd period - Shot by Mark Giordano.
15:34 of 2nd period - Shot Misses the Net.
15:40 of 2nd period - Shot by Brayden Point.
15:40 of 2nd period - Shot Misses the Net.
15:56 of 2nd period - Icing by Kailer Yamamoto.
15:57 of 2nd period - Lars Eller wins face-off versus Nic Dowd in COLUMBUS Blue Jackets zone.
15:57 of 2nd period - Lars Eller is hit by Nic Dowd.
16:19 of 2nd period - Shot by Evan Rodrigues.
16:19 of 2nd period - Shot Misses the Net.
16:28 of 2nd period - Icing by Ryan Lindgren.
16:29 of 2nd period - Nic Dowd wins face-off versus Anthony Cirelli in ANAHEIM Ducks zone.
16:48 of 2nd period - Shot by Nic Dowd.
16:48 of 2nd period - Deflect By Patrick Maroon.
16:48 of 2nd period - Stopped by Thatcher Demko with a rebound.
17:15 of 2nd period - Anthony Cirelli is hit by MacKenzie Weegar and loses puck.
17:58 of 2nd period - Shot by Andre Burakovsky.
17:58 of 2nd period - Stopped by Philipp Grubauer without a rebound.
17:59 of 2nd period - Jeff Carter wins face-off versus Lars Eller in ANAHEIM Ducks zone.
18:07 of 2nd period - Off-side.
18:08 of 2nd period - Jeff Carter wins face-off versus Lars Eller in neutral zone.
18:21 of 2nd period - Nick Paul is hit by Lars Eller and loses puck.
18:25 of 2nd period - Minor Penalty to Mark Giordano for Slashing.
18:26 of 2nd period - Anthony Cirelli wins face-off versus Elias Lindholm in ANAHEIM Ducks zone.
18:29 of 2nd period - Shot by Anthony Cirelli.
18:29 of 2nd period - Stopped by Philipp Grubauer without a rebound.
18:30 of 2nd period - Elias Lindholm wins face-off versus Anthony Cirelli in ANAHEIM Ducks zone.
19:31 of 2nd period - Shot by Evan Rodrigues.
19:31 of 2nd period - Shot Misses the Net.
19:43 of 2nd period - Shot by Chandler Stephenson.
19:43 of 2nd period - Shot Misses the Net.
19:56 of 2nd period - Neal Pionk is hit by Nic Dowd.
Goals for this period are 0 for ANAHEIM Ducks vs 0 for COLUMBUS Blue Jackets.
Shots for this period are 4 for ANAHEIM Ducks vs 11 for COLUMBUS Blue Jackets.

3rd period


0:01 of 3rd period - Elias Lindholm wins face-off versus Anthony Cirelli in neutral zone.
0:01 of 3rd period - Brett Pesce is hit by Blake Coleman and loses puck.
0:18 of 3rd period - Shot by Artturi Lehkonen.
0:18 of 3rd period - Stopped by Philipp Grubauer without a rebound.
0:19 of 3rd period - Elias Lindholm wins face-off versus Evan Rodrigues in ANAHEIM Ducks zone.
0:37 of 3rd period - Brayden Point is hit by Matt Benning and loses puck.
0:51 of 3rd period - Icing by Matt Benning.
0:52 of 3rd period - Jake Evans wins face-off versus Elias Lindholm in COLUMBUS Blue Jackets zone.
0:52 of 3rd period - Calvin de Haan is hit by Elias Lindholm and loses puck.
0:59 of 3rd period - Shot by Ryan Poehling.
0:59 of 3rd period - Stopped by Philipp Grubauer with a rebound.
1:01 of 3rd period - Shot by Zemgus Girgensons.
1:01 of 3rd period - Shot Misses the Net.
1:03 of 3rd period - Shot by Ryan Poehling.
1:03 of 3rd period - Shot Misses the Net.
1:28 of 3rd period - Off-side.
1:29 of 3rd period - Jeff Carter wins face-off versus Anthony Cirelli in neutral zone.
1:29 of 3rd period - Jeff Carter is hit by Anthony Cirelli.
1:32 of 3rd period - Brayden Point is hit by Ryan Pulock and loses puck.
1:41 of 3rd period - Ryan Pulock is hit by Nick Paul and loses puck.
1:45 of 3rd period - Minor Penalty to Ryan Pulock for Cross-checking.
1:46 of 3rd period - Anthony Cirelli wins face-off versus Elias Lindholm in COLUMBUS Blue Jackets zone.
1:57 of 3rd period - Shot by Brayden Point.
1:57 of 3rd period - Shot Misses the Net.
1:59 of 3rd period - Shot by MacKenzie Weegar.
1:59 of 3rd period - Stopped by Thatcher Demko without a rebound.
2:00 of 3rd period - Anthony Cirelli wins face-off versus Chandler Stephenson in COLUMBUS Blue Jackets zone.
3:02 of 3rd period - Shot by Elias Lindholm.
3:02 of 3rd period - Deflect By Brayden Point.
3:02 of 3rd period - Stopped by Thatcher Demko with a rebound.
3:04 of 3rd period - Shot by Nathan MacKinnon.
3:04 of 3rd period - Stopped by Thatcher Demko without a rebound.
3:05 of 3rd period - Elias Lindholm wins face-off versus Evan Rodrigues in COLUMBUS Blue Jackets zone.
3:22 of 3rd period - Shot by MacKenzie Weegar.
3:22 of 3rd period - Goal by MacKenzie Weegar - ANAHEIM Ducks : 3 - COLUMBUS Blue Jackets : 1.
3:23 of 3rd period - Eric Staal wins face-off versus David Kampf in neutral zone.
3:33 of 3rd period - Icing by Dmitry Orlov.
3:34 of 3rd period - Nathan MacKinnon wins face-off versus Eric Staal in COLUMBUS Blue Jackets zone.
3:45 of 3rd period - Shot by Andre Burakovsky.
3:45 of 3rd period - Shot Misses the Net.
3:47 of 3rd period - Shot by Eric Staal.
3:47 of 3rd period - Stopped by Philipp Grubauer without a rebound.
3:48 of 3rd period - Artturi Lehkonen wins face-off versus Jeff Carter in ANAHEIM Ducks zone.
4:13 of 3rd period - Shot by Seth Jones.
4:13 of 3rd period - Shot Misses the Net.
4:15 of 3rd period - Shot by Mark Giordano.
4:15 of 3rd period - Stopped by Thatcher Demko without a rebound.
4:16 of 3rd period - Lars Eller wins face-off versus Elias Lindholm in COLUMBUS Blue Jackets zone.
4:24 of 3rd period - Shot by Elias Lindholm.
4:24 of 3rd period - Shot Misses the Net.
4:26 of 3rd period - Shot by Chandler Stephenson.
4:26 of 3rd period - Goal by Chandler Stephenson - ANAHEIM Ducks : 4 - COLUMBUS Blue Jackets : 1.
4:26 of 3rd period - Mackenzie Blackwood enters game.
4:27 of 3rd period - David Kampf wins face-off versus Eric Staal in neutral zone.
4:27 of 3rd period - David Kampf is hit by Eric Staal.
4:30 of 3rd period - Brett Pesce is hit by Dmitry Orlov and loses puck.
4:58 of 3rd period - Shot by David Kampf.
4:58 of 3rd period - Stopped by Mackenzie Blackwood with a rebound.
5:23 of 3rd period - Seth Jones is hit by Ryan Pulock.
6:13 of 3rd period - Martin Fehervary is hit by Nick Paul and loses puck.
6:52 of 3rd period - Minor Penalty to Lars Eller for Holding Stick.
6:53 of 3rd period - Eric Staal wins face-off versus Elias Lindholm in COLUMBUS Blue Jackets zone.
8:04 of 3rd period - Shot by Jeff Carter.
8:04 of 3rd period - Deflect By Chandler Stephenson.
8:04 of 3rd period - Stopped by Mackenzie Blackwood without a rebound.
8:05 of 3rd period - Elias Lindholm wins face-off versus Anthony Cirelli in COLUMBUS Blue Jackets zone.
8:10 of 3rd period - Shot by Nathan MacKinnon.
8:10 of 3rd period - Shot Misses the Net.
8:12 of 3rd period - Shot by MacKenzie Weegar.
8:12 of 3rd period - Shot Blocked by Dmitry Orlov.
9:00 of 3rd period - Ryan Poehling is hit by Warren Foegele and loses puck.
9:02 of 3rd period - Minor Penalty to Warren Foegele for Hooking.
9:03 of 3rd period - Elias Lindholm wins face-off versus Evan Rodrigues in ANAHEIM Ducks zone.
9:59 of 3rd period - Shot by Artturi Lehkonen.
9:59 of 3rd period - Shot Misses the Net.
10:01 of 3rd period - Shot by Martin Fehervary.
10:01 of 3rd period - Shot Misses the Net.
10:41 of 3rd period - Shot by Ryan Pulock.
10:41 of 3rd period - Shot Misses the Net.
10:45 of 3rd period - Shot by Evan Rodrigues.
10:45 of 3rd period - Shot Misses the Net.
10:47 of 3rd period - Shot by Ryan Pulock.
10:47 of 3rd period - Shot Blocked by Ryan Lindgren.
10:49 of 3rd period - Shot by Ryan Pulock.
10:49 of 3rd period - Shot Misses the Net.
10:51 of 3rd period - Shot by Dmitry Orlov.
10:51 of 3rd period - Stopped by Philipp Grubauer without a rebound.
10:52 of 3rd period - Kailer Yamamoto wins face-off versus Chandler Stephenson in ANAHEIM Ducks zone.
10:52 of 3rd period - Evan Rodrigues is hit by MacKenzie Weegar and loses puck.
11:00 of 3rd period - Evan Rodrigues is hit by MacKenzie Weegar and loses puck.
11:10 of 3rd period - Brayden Point is hit by Matt Benning.
11:18 of 3rd period - Shot by Brayden Point.
11:18 of 3rd period - Shot Misses the Net.
11:38 of 3rd period - Shot by Mark Giordano.
11:38 of 3rd period - Shot Misses the Net.
11:40 of 3rd period - Shot by Nick Paul.
11:40 of 3rd period - Shot Misses the Net.
12:07 of 3rd period - Minor Penalty to Matt Benning for Holding.
12:08 of 3rd period - Anthony Cirelli wins face-off versus Elias Lindholm in COLUMBUS Blue Jackets zone.
13:05 of 3rd period - Shot by Chandler Stephenson.
13:05 of 3rd period - Deflect By Nick Paul.
13:05 of 3rd period - Stopped by Mackenzie Blackwood without a rebound.
13:06 of 3rd period - Evan Rodrigues wins face-off versus Chandler Stephenson in COLUMBUS Blue Jackets zone.
13:35 of 3rd period - Shot by Mark Giordano.
13:35 of 3rd period - Stopped by Mackenzie Blackwood without a rebound.
13:36 of 3rd period - Elias Lindholm wins face-off versus Evan Rodrigues in COLUMBUS Blue Jackets zone.
13:37 of 3rd period - Shot by Brayden Point.
13:37 of 3rd period - Stopped by Mackenzie Blackwood without a rebound.
13:38 of 3rd period - Elias Lindholm wins face-off versus Anthony Cirelli in COLUMBUS Blue Jackets zone.
13:45 of 3rd period - Shot by Nathan MacKinnon.
13:45 of 3rd period - Shot Misses the Net.
13:47 of 3rd period - Shot by Seth Jones.
13:47 of 3rd period - Shot Misses the Net.
13:49 of 3rd period - Shot by Elias Lindholm.
13:49 of 3rd period - Stopped by Mackenzie Blackwood without a rebound.
13:50 of 3rd period - Anthony Cirelli wins face-off versus Nathan MacKinnon in COLUMBUS Blue Jackets zone.
14:29 of 3rd period - Shot by Warren Foegele.
14:29 of 3rd period - Stopped by Mackenzie Blackwood without a rebound.
14:30 of 3rd period - Lars Eller wins face-off versus Elias Lindholm in COLUMBUS Blue Jackets zone.
14:30 of 3rd period - Lars Eller is hit by Nathan MacKinnon.
14:41 of 3rd period - Icing by Neal Pionk.
14:42 of 3rd period - Lars Eller wins face-off versus Jeff Carter in COLUMBUS Blue Jackets zone.
14:58 of 3rd period - Brayden Point is hit by Kailer Yamamoto and loses puck.
15:19 of 3rd period - Lars Eller is hit by Jeff Carter and loses puck.
15:46 of 3rd period - Shot by Blake Coleman.
15:46 of 3rd period - Shot Misses the Net.
15:48 of 3rd period - Shot by Ryan Pulock.
15:48 of 3rd period - Stopped by Philipp Grubauer without a rebound.
15:49 of 3rd period - Eric Staal wins face-off versus Elias Lindholm in ANAHEIM Ducks zone.
16:02 of 3rd period - Calvin de Haan is hit by Nathan MacKinnon and loses puck.
16:58 of 3rd period - Shot by Blake Coleman.
16:58 of 3rd period - Stopped by Philipp Grubauer with a rebound.
17:08 of 3rd period - Shot by Artturi Lehkonen.
17:08 of 3rd period - Shot Misses the Net.
17:10 of 3rd period - Shot by Blake Coleman.
17:10 of 3rd period - Stopped by Philipp Grubauer with a rebound.
17:31 of 3rd period - David Kampf is hit by Neal Pionk and loses puck.
17:44 of 3rd period - David Kampf is hit by Lars Eller and loses puck.
17:59 of 3rd period - Shot by Lars Eller.
17:59 of 3rd period - Stopped by Philipp Grubauer with a rebound.
18:48 of 3rd period - Shot by Jake Evans.
18:48 of 3rd period - Shot Misses the Net.
18:50 of 3rd period - Shot by Jake Evans.
18:50 of 3rd period - Shot Misses the Net.
18:52 of 3rd period - Shot by Jake Evans.
18:52 of 3rd period - Stopped by Philipp Grubauer without a rebound.
18:53 of 3rd period - Anthony Cirelli wins face-off versus Elias Lindholm in ANAHEIM Ducks zone.
19:00 of 3rd period - Shot by Anthony Cirelli.
19:00 of 3rd period - Stopped by Philipp Grubauer without a rebound.
19:01 of 3rd period - Elias Lindholm wins face-off versus Anthony Cirelli in ANAHEIM Ducks zone.
19:01 of 3rd period - Nathan MacKinnon is hit by Blake Coleman and loses puck.
19:10 of 3rd period - Shot by Blake Coleman.
19:10 of 3rd period - Stopped by Philipp Grubauer without a rebound.
19:11 of 3rd period - Anthony Cirelli wins face-off versus Jeff Carter in ANAHEIM Ducks zone.
19:11 of 3rd period - Anthony Cirelli is hit by Brett Pesce.
19:38 of 3rd period - Icing by Brett Pesce.
19:39 of 3rd period - Jeff Carter wins face-off versus Lars Eller in ANAHEIM Ducks zone.
19:39 of 3rd period - Jeff Carter is hit by Lars Eller.
19:53 of 3rd period - Shot by Brayden Point.
19:53 of 3rd period - Stopped by Mackenzie Blackwood without a rebound.
19:54 of 3rd period - Anthony Cirelli wins face-off versus Elias Lindholm in COLUMBUS Blue Jackets zone.
Goals for this period are 2 for ANAHEIM Ducks vs 0 for COLUMBUS Blue Jackets.
Shots for this period are 14 for ANAHEIM Ducks vs 11 for COLUMBUS Blue Jackets. Output by the SimonT Hockey Simulator (STHS) for Martin Benoit - Original Page W3C HTML5 Valid
Hockey Simulator - Hockey Simulation - Hockey Manager